 Dungeon Crawl Stone Soup version 0.29.1-15-g9cfb28693d (webtiles) character file.

Game seed: 2599698603878938520

1327 javelincjr the Magician (level 8, -1/58 HPs)
             Began as a Djinni Conjurer on Mar 8, 2023.
             Was an Initiate of Hepliaklqana.
             Slain by an orc warrior
             ... wielding a +0 mace
              (18 damage)
             ... on level 6 of the Dungeon on Mar 9, 2023.
             The game lasted 00:26:37 (7654 turns).

javelincjr the Magician (Djinni Conjurer)           Turns: 7654, Time: 00:26:38

Health: -1/58      AC:  4    Str:  8    XL:     8   Next: 91%
Gold:   169        EV: 13    Int: 26    God:    Hepliaklqana [......] SH:  0 Dex: 12

rFire   + + .      SeeInvis .   s - +8 trident of the Octopus King {venom, rElec rPois}
rCold   x . .      Faith    .   (no shield)
rNeg    . . .      Spirit   .   a - +0 robe
rPois   ∞          Reflect  .   y - +0 helmet
rElec   +          Harm     .   i - +0 cloak
rCorr   .          Rampage  .   (no gloves)
Will    .....                   (boots unavailable)
Stlth   ++........              (no amulet)
HPRegen 0.19/turn               h - +6 ring of intelligence
MPRegen 0.00/turn               (no ring)

@: flying, very slightly contaminated
A: sickness immunity, fire resistance 2, cold vulnerability 1, float, innate
caster, HP casting, extra vitality 1
a: Renounce Religion


You were on level 6 of the Dungeon.
You worshipped Hepliaklqana.
Hepliaklqana was noncommittal.
You visited 2 branches of the dungeon, and saw 7 of its levels.

You collected 169 gold pieces.

Inventory:

Hand Weapons
 s - the +8 trident of the Octopus King (weapon) {venom, rElec rPois}
   (You found it on level 4 of the Dungeon)

   It poisons the flesh of those it strikes.
   rElec:     It insulates you from electricity.
   rPois:     It protects you from poison.
Armour
 a - a +0 robe (worn)
 i - a +0 cloak (worn)
 l - a +0 tower shield
 y - a +0 helmet (worn)
Jewellery
 h - a +6 ring of intelligence (left hand)
Wands
 x - a wand of flame (10)
Scrolls
 c - a scroll of vulnerability {unknown}
 d - 3 scrolls of fear
 k - 2 scrolls of teleportation
 q - a scroll of poison
 r - 2 scrolls of enchant armour
 z - a scroll of magic mapping
Potions
 b - 2 potions of mutation {unknown}
 g - 3 potions of curing
 j - 3 potions of brilliance {unknown}
 t - a potion of ambrosia {unknown}
 v - a potion of flight {unknown}
 w - a potion of heal wounds {unknown}


   Skills:
 * Level 4.4 Fighting
 + Level 0.9 Polearms
 + Level 3.0 Armour
 + Level 4.7 Dodging
 + Level 3.9 Stealth
 + Level 2.9 Shields
 * Level 5.1 Spellcasting


You couldn't memorise any spells.
You knew the following spells:

 Your Spells              Type           Power      Damage    Failure   Level
a - Magic Dart            Conj           100%       1d8       1%          1
b - Searing Ray           Conj           66%        2d6       1%          2
c - Dazzling Flash        Conj/Hex       66%        N/A       2%          3
d - Fulminant Prism       Conj/Hex       16%        3d11      9%          4
e - Iskenderun's Mystic   Conj/Tloc      33%        2d8       9%          4
f - Sting                 Tmut/Pois      100%       1d8       1%          1
g - Passwall              Tmut/Erth      27%        N/A       1%          2
h - Frozen Ramparts       Ice            66%        1d10      2%          3
Your spell library was empty.

Dungeon Overview and Level Annotations

Branches:
Dungeon (6/15)             Temple (1/1) D:5

Altars:
Dithmenos
Gozag
Hepliaklqana
Makhleb
Nemelex Xobeh
Okawaru
Qazlal
Ru
Trog
Uskayaw
Wu Jian


Innate Abilities, Weirdness & Mutations

You are immune to sickness and miasma.
You are immune to poison.
Your flesh is very heat resistant. (rF++)
You are vulnerable to cold. (rC-)
You float through the air rather than walking.
You learn spells naturally, not from books.
Your magical power is your life essence.
You have superior vitality. (+4 MHP)


Message History

HP restored.
You fly downwards.
The orc warrior hits you with a +0 mace!
The orc hits you but does no damage.
The orc warrior hits you with a +0 mace!
There is a stone staircase leading up here.
Casting: Iskenderun's Mystic Blast (dangerous; 9% risk of failure)
Confirm with . or Enter, or press ? or * to list all spells.
You erupt in a blast of force!
The mystic blast hits the orc warrior!
The orc warrior is moderately wounded.
The orc warrior is knocked back by the mystic blast.
The orc warrior slams into the rock wall!
The orc warrior is moderately wounded.
The mystic blast hits the orc.
The orc is severely wounded.
The orc is knocked back by the mystic blast.
The orc slams into the rock wall!
You kill the orc!
Casting: Iskenderun's Mystic Blast (dangerous; 9% risk of failure)
Confirm with . or Enter, or press ? or * to list all spells.
You erupt in a blast of force!
The mystic blast hits the orc warrior but does no damage.
The orc warrior is moderately wounded.
An orc comes into view. It is wielding a +0 trident.
The orc warrior closely misses you.
Casting: Iskenderun's Mystic Blast (dangerous; 9% risk of failure)
Confirm with . or Enter, or press ? or * to list all spells.
You erupt in a blast of force!
The mystic blast hits the orc warrior.
The orc warrior is heavily wounded.
The orc warrior is knocked back by the mystic blast.
The orc warrior slams into the rock wall!
The orc warrior is severely wounded.
Casting: Iskenderun's Mystic Blast (dangerous; 9% risk of failure)
Confirm with . or Enter, or press ? or * to list all spells.
You miscast Iskenderun's Mystic Blast.
You are very lightly contaminated with residual magic.
A wave of violent energy washes through your body!
* * * LOW HITPOINT WARNING * * *
x2 The orc warrior hits you with a +0 mace!!
You die...

##.#........#..
# ##.......#..
#...###....
#.o........
##......... ..
#.........#
....###........#
#..........#.#
###...@....# .
###o.)...#
##.##...# ?..
#.... #.## ....
### ..# .#


You could see an orc warrior and an orc.

Vanquished Creatures
  Prince Ribbit (D:5)
  Edmund (D:4)
  An ice beast (D:5)
  A black bear (D:5)
  3 scorpions (D:5)
  3 hounds
  2 jellies
  7 iguanas
  3 orc wizards
  9 adders
  7 gnolls
  A shadow imp (D:5)
  An ufetubus (D:5)
  3 worms
  3 dart slugs
  14 orcs
  5 bats
  6 endoplasms
  4 giant cockroaches
  7 goblins
  8 hobgoblins
  4 quokkas
  10 ball pythons
  3 frilled lizards
  13 kobolds
  14 rats
  A fulminant prism (D:5)
135 creatures vanquished.

Vanquished Creatures (others)
  14 fulminant prisms
14 creatures vanquished.

Grand Total: 149 creatures vanquished

Notes
Turn   | Place    | Note
-------+----------+-------------------------------------------
     0 | D:1      | javelincjr the Djinni Conjurer began the quest for the Orb.
     0 | D:1      | javelincjr set off with the following spells memorised:
                  | Magic Dart, Searing Ray, Dazzling Flash, Fulminant Prism,
                  | Iskenderun's Mystic Blast.
     0 | D:1      | Reached XP level 1. HP: 15/15 MP: 0/0
   376 | D:1      | Reached XP level 2. HP: 16/21 MP: 0/0
   852 | D:1      | Reached XP level 3. HP: 9/25 MP: 0/0
   852 | D:1      | Learned a level 1 spell: Sting
  1765 | D:2      | Found a faded altar of an unknown god.
  1939 | D:2      | Reached XP level 4. HP: 28/31 MP: 0/0
  3152 | D:3      | Reached XP level 5. HP: 33/36 MP: 0/0
  3152 | D:3      | Learned a level 2 spell: Passwall
  3463 | D:3      | Found a bloodstained altar of Trog.
  3783 | D:4      | Reached skill level 1 in Fighting
  4027 | D:4      | Reached skill level 4 in Spellcasting
  4233 | D:4      | Reached skill level 1 in Armour
  4233 | D:4      | Reached XP level 6. HP: 31/42 MP: 0/0
  4434 | D:4      | Identified the +2 helmet of Miracles {-Cast rN+ Str+3}
  4448 | D:4      | Reached skill level 1 in Shields
  4671 | D:4      | Found the +8 trident of the Octopus King {venom, rElec
                  | rPois}
  4694 | D:4      | Noticed Edmund
  4713 | D:4      | Killed Edmund
  5101 | D:5      | Entered Level 5 of the Dungeon
  5101 | D:5      | Noticed a black bear
  5104 | D:5      | Reached XP level 7. HP: 44/49 MP: 0/0
  5104 | D:5      | Learned a level 3 spell: Frozen Ramparts
  5967 | D:5      | Reached XP level 8. HP: 43/56 MP: 0/0
  6225 | D:5      | Found an ornate altar of the Wu Jian Council.
  6261 | D:5      | Found a sparkling altar of Nemelex Xobeh.
  6775 | D:5      | Found a staircase to the Ecumenical Temple.
  6789 | Temple   | Entered the Ecumenical Temple
  6794 | Temple   | Became a worshipper of Hepliaklqana the Forgotten
  7125 | D:5      | Noticed Prince Ribbit
  7131 | D:5      | Killed Prince Ribbit
  7132 | D:5      | Reached skill level 5 in Spellcasting
  7654 | D:6      | Slain by an orc warrior

Illustrated notes

Levels and vault maps discovered:
D:1:      dpeg_arrival_ratfight, layout_basic
D:2:      layout_loops_ring, hellmonk_ecumenical_altar_pennies_from_heaven,
          minmay_shallow_snake_nest
D:3:      minmay_octagon_keep, layout_loops_ring, trog_antimagical
D:4:      layout_cave_pools, uniq_edmund
D:5:      layout_basic, mainiacjoe_overflow_catch_the_wave,
          minmay_temple_entry_offerings, uniq_prince_ribbit1
D:6:      layout_cave_pools, serial_gnoll_camp, gnoll_camp_mini_shop,
          gnoll_camp_mini_loothouse, gnoll_camp_huts_moat, gnoll_camp_mini_hut,
          corner_web_ring, item_on_display_a
Temple:   hellmonk_temple_micro_hex

Skill      XL: |  1  2  3  4  5  6  7  8 |
---------------+-------------------------+-----
Stealth        | 2 3 |  3.9
Dodging        | 3 4 |  4.7
Fighting       | 1 2 3 4 |  4.4
Spellcasting   | 4 5 |  5.1
Armour         | 1 2 3 |  3.0
Shields        | 1 2 |  2.9
Polearms       | |  0.9

Action                   |  1- 3 |  4- 6 |  7- 9 || total
-------------------------+-------+-------+-------++-------
Melee: Trident           |       |       |    14 ||    14
       Punch             |       |       |     1 ||     1
 Cast: Magic Dart        |    92 |    71 |    80 ||   243
       Searing Ray       |     1 |     2 |       ||     3
       Fulminant Prism   |       |     8 |     7 ||    15
       Iskenderun's Myst |       |    10 |    27 ||    37
       Sting             |       |     1 |       ||     1
       Frozen Ramparts   |       |       |     1 ||     1
  Use: Scroll            |       |       |     9 ||     9
 Stab: Sleeping          |       |       |     1 ||     1
Armor: Robe              |       |     2 |     5 ||     7
Dodge: Dodged            |     3 |    12 |    15 ||    30
